 Dungeon Crawl Stone Soup version 0.30-a0-311-gf115ab0292 (webtiles) character file.

Game seed: 2327568873515361730

233 NinjaNoafa the Covered (level 5, -1/48 HPs)
             Began as a Minotaur Fighter on Oct 24, 2022.
             Was a Believer of Uskayaw.
             Slain by a white imp (4 damage)
             ... on level 5 of the Dungeon on Oct 25, 2022.
             The game lasted 00:04:38 (3839 turns).

NinjaNoafa the Covered (Minotaur Fighter)           Turns: 3839, Time: 00:04:39

Health: -1/48      AC:  9    Str: 22    XL:     5   Next: 75%
Magic:  4/4        EV:  9    Int:  5    God:    Uskayaw [**....]
Gold:   209        SH:  4    Dex: 10    Spells: 4/4 levels left

rFire   . . .      SeeInvis .    a - +0 war axe
rCold   . . .      Faith    .    c - +0 buckler
rNeg    + . .      Spirit   .    b - +0 scale mail
rPois   .          Reflect  .    (helmet restricted)
rElec   .          Harm     .    g - +0 cloak
rCorr   .          Rampage  .    (no gloves)
Will    .....                    (no boots)
Stlth   ..........               (no amulet)
HPRegen 0.28/turn                v - ring of flight
MPRegen 0.09/turn                u - ring of positive energy

@: mighty, flying
A: horns 2, retaliatory headbutt
a: Renounce Religion, Stomp, Line Pass


You were on level 5 of the Dungeon.
You worshipped Uskayaw.
Uskayaw was noncommittal.
You visited 2 branches of the dungeon, and saw 6 of its levels.

You collected 209 gold pieces.

Inventory:

Hand Weapons
 a - a +0 war axe (weapon)
Missiles
 e - 17 stones
 h - 10 poisoned darts (quivered)
 x - a boomerang
Armour
 b - a +0 scale mail (worn)
 c - a +0 buckler (worn)
 g - a +0 cloak (worn)
Jewellery
 u - a ring of positive energy (right hand)
 v - a ring of flight (left hand)
Wands
 n - a wand of polymorph (9)
Scrolls
 i - a scroll of poison {unknown}
 k - a scroll of torment {unknown}
 q - a scroll of immolation {unknown}
 r - a scroll of enchant weapon {unknown}
 s - a scroll of enchant armour {unknown}
 t - a scroll of identify {unknown}
 y - a scroll of noise {unknown}
Potions
 f - 2 potions of cancellation
 j - a potion of mutation {unknown}
 l - a potion of heal wounds {unknown}
 m - 2 potions of curing
 o - a potion of brilliance {unknown}
 p - a potion of lignification {unknown}
 w - a potion of magic {unknown}
 z - a potion of degeneration {unknown}


   Skills:
 + Level 5.3 Fighting
 - Level 2.4 Axes
 * Level 6.8 Armour
 - Level 3.6 Shields


You had 4 spell levels left.
You didn't know any spells.
Your spell library contained the following spells:

 Spells                   Type           Power      Damage    Failure   Level
 Sandblast                Erth           0%         2d4       86%         1
 Passwall                 Tmut/Erth      0%         N/A       94%         2
 Stone Arrow              Conj/Erth      0%         3d7       99%         3
 Freezing Cloud           Conj/Ice/Air   0%         6-21      100%        5
 Simulacrum               Ice/Necr       0%         N/A       100%        6
 Polar Vortex             Ice            0%         N/A       100%        9


Dungeon Overview and Level Annotations

Branches:
Dungeon (5/15)             Temple (1/1) D:4

Altars:
Ashenzari
Cheibriados
Dithmenos
Elyvilon
Fedhas
Gozag
Hepliaklqana
Kikubaaqudgha
Makhleb
Nemelex Xobeh
Okawaru
Qazlal
Ru
Sif Muna
Trog
Uskayaw
Vehumet
Wu Jian
Xom
Yredelemnul
Zin
The Shining One

Shops:
D:1 :


Innate Abilities, Weirdness & Mutations

You have a pair of horns on your head.
You reflexively headbutt those who attack you in melee.


Message History

You miss the orc priest. You barely miss the orc.
You feel sick. The adder bites you but does no damage.
Something hits you but does no damage.
The orc hits you with a +2 dagger of protection.
The orc priest hits you but does no damage.
The white imp gestures at you. The puff of frost hits you.
The orc barely misses you. The adder closely misses you.
The orc hits you with a +0 whip. The orc hits you but does no damage.
The orc priest hits you with a +3 whip. Something hits you but does no damage.
The white imp picks up a beetle and eats it.
The white imp closely misses you.
You can now pass through a line of other dancers.
It was a potion of cancellation.
Your magical effects are unravelling.
You feel magically purged.
You feel less confused.
You feel sick. The adder bites you but does no damage. Something hits you.
The orc hits you but does no damage. The orc misses you.
You furiously retaliate!
You headbutt the orc.
The orc priest invokes the aid of Beogh against you.
Pain shoots through your body! The white imp hits you.
The white imp freezes you.
* * * LOW HITPOINT WARNING * * *
You feel very mighty all of a sudden.
You feel sick. The adder bites you but does no damage.
Something hits you but does no damage. The white imp barely misses you.
You block the orc's attack.
The orc hits you with a +2 dagger of protection.
* * * LOW HITPOINT WARNING * * *
The orc priest barely misses you. The white imp gestures at you.
The puff of frost hits you!
* * * LOW HITPOINT WARNING * * *
It was a potion of curing.
You feel better. You block the adder's attack. Something hits you.
* * * LOW HITPOINT WARNING * * *
The white imp hits you.
* * * LOW HITPOINT WARNING * * *
The white imp freezes you.
You die...

############.#
.........##............#
.........##.############
.........##.#
.........##.#
.........##.#
.........##.#
...$..oo5##.######
.....o5@)..........
.....5o{S..........
...#####........... .
#...........
+...>.......
#...........
####........ .......


You could see an orc priest, an adder, 3 white imps and 3 orcs.

Vanquished Creatures
  An orc priest (D:4)
  An orc wizard (D:4)
  2 iguanas (D:4)
  5 adders
  A worm (D:2)
  3 dart slugs
  5 orcs
  10 ball pythons
  6 bats
  4 endoplasms
  A giant cockroach (D:1)
  7 goblins
  3 hobgoblins
  6 quokkas
  3 frilled lizards
  5 kobolds
  8 rats
71 creatures vanquished.

Notes
Turn   | Place    | Note
-------+----------+-------------------------------------------
     0 | D:1      | NinjaNoafa the Minotaur Fighter began the quest for the
                  | Orb.
     0 | D:1      | Reached XP level 1. HP: 19/19 MP: 0/0
    30 | D:1      | Reached skill level 4 in Armour
    95 | D:1      | Reached XP level 2. HP: 27/27 MP: 1/1
   219 | D:1      | Found Ifialuh's Book Shop.
   539 | D:1      | Reached XP level 3. HP: 33/33 MP: 2/2
   947 | D:2      | Reached skill level 5 in Armour
  1013 | D:2      | Found a faded altar of an unknown god.
  1784 | D:3      | Reached XP level 4. HP: 41/41 MP: 3/3
  1970 | D:3      | Found an iron altar of Okawaru.
  1978 | D:3      | Found a shimmering altar of Xom.
  1981 | D:3      | Found a radiant altar of Vehumet.
  1981 | D:3      | Found a blossoming altar of Fedhas.
  2004 | D:3      | Found a broken altar of Ashenzari.
  2474 | D:3      | Found a bloodstained altar of Trog.
  2955 | D:4      | Reached skill level 6 in Armour
  2955 | D:4      | Reached XP level 5. HP: 32/47 MP: 4/4
  3049 | D:4      | Reached skill level 5 in Fighting
  3198 | D:4      | Found a staircase to the Ecumenical Temple.
  3274 | Temple   | Entered the Ecumenical Temple
  3497 | Temple   | Became a worshipper of Uskayaw the Reveller
  3770 | D:5      | Entered Level 5 of the Dungeon
  3771 | D:5      | Upgraded the game from 0.30-a0-310-g7d6cbdfea6 to
                  | 0.30-a0-311-gf115ab0292
  3834 | D:5      | Reached * piety under Uskayaw
  3836 | D:5      | Reached ** piety under Uskayaw
  3839 | D:5      | Slain by a white imp

Illustrated notes

Levels and vault maps discovered:
D:1:      saegor_arrival_simple_b, layout_basic, serial_shops, shop_fountains
D:2:      layout_basic, ebering_ecumenical_altar_webs, roderic_roman_lattice,
          nicolae_figureground_pulse
D:3:      layout_basic, nicolae_overflow_hallway_of_the_gods, trog_book
D:4:      layout_loops_ring, minmay_temple_entry_proselytizer, hex_tiny
D:5:      layout_basic, serial_demonic, serial_demonic_e, serial_demonic_e,
          serial_demonic_d, serial_demonic_c, serial_demonic_d,
          serial_demonic_g, serial_demonic_e, hangedman_decor_opposing
Temple:   regret_index_temple_sphere_string

Skill      XL: |  1  2  3  4  5 |
---------------+----------------+-----
Armour         | 4 5 6 |  6.8
Fighting       | 4 5 |  5.3
Axes           | |  2.4
Shields        | |  3.6

Action                   |  1- 3 |  4- 6 || total
-------------------------+-------+-------++-------
Melee: War axe           |    69 |    79 ||   148
       Headbutt          |     6 |    11 ||    17
Throw: Dart              |     1 |       ||     1
  Use: Potion            |       |     3 ||     3
Armor: Scale mail        |    30 |    58 ||    88
Dodge: Dodged            |    41 |    38 ||    79
Block: Buckler           |    17 |    27 ||    44

Table legend: (Time is in decaauts)
 A = Elapsed time spent in this place.
 B = Non-inter-level travel time spent in this place.
 C = Inter-level travel time spent in this place.
 D = Time resting spent in this place.
 E = Time spent auto-exploring this place.
 F = Levels seen in this place.
 G = Mean time per level.
                   A        B        C        D        E       F      G
               +--------+--------+--------+--------+--------+-----+--------+
         Total |   3899 |   3557 |    342 |      0 |   2990 |   6 |  649.8 |
       Dungeon |   3653 |   3381 |    272 |      0 |   2830 |   5 |  730.6 |
        Temple |    245 |    175 |     70 |      0 |    160 |   1 |  245.0 |
               +--------+--------+--------+--------+--------+-----+--------+

Top non-repeatable levels by time:
     D:2: 1165 daAuts
     D:3: 1042 daAuts
     D:4: 779 daAuts
     D:1: 596 daAuts
  Temple: 245 daAuts
     D:5: 70 daAuts
